 Dungeon Crawl Stone Soup version 0.15.2 (webtiles) character file.

139738 Heini the Shatterer (level 16, 0/161 HPs)
             Began as a Minotaur Fighter on Feb 8, 2015.
             Was the Champion of Okawaru.
             Succumbed to an emperor scorpion's poison
             ... on Level 5 of the Spider Nest.
             The game lasted 01:28:25 (30751 turns).

Heini the Shatterer (Minotaur Fighter)             Turns: 30751, Time: 01:28:25

HP   0/161       AC 36     Str 27 (28) XL: 16   Next: 74%
MP   0/8         EV  8     Int  6 (8)  God: Okawaru [******]
Gold 2937        SH  0     Dex  5      Spells:  0 memorised, 15 levels left

rFire  + . .     SeeInvis .     R - +6 great mace "Luproiheirph" {venom, rElec rPois MR+ Dex-5}
rCold  + . .     Clarity  .     Y - +3 plate armour {rC+}
rNeg   . . .     rCorr    .     (no shield)
rPois  +         rRot     .     W - +2 hat {Int+3}
rElec  +         Spirit   .     y - +2 cloak {MR+}
SustAb .         Warding  .     I - +3 pair of gauntlets of War {Slay+5}
rMut   .         Stasis   .     c - +1 pair of boots {run}
Gourm  +                        f - amulet of the gourmand
MR     +++..                    L - ring of protection from fire
                                A - +3 ring of protection

@: lethally poisoned, very slightly contaminated, quick, extremely resistant to
hostile enchantments, extremely unstealthy
A: retaliatory headbutt, horns 2
a: Heroism, Finesse, Renounce Religion


You were on level 5 of the Spider Nest.
You worshipped Okawaru.
Okawaru was exalted by your worship.
You were very full.

You visited 5 branches of the dungeon, and saw 29 of its levels.
You also visited: Ossuary and Volcano.

You collected 2937 gold pieces.

Inventory:

Hand weapons
 F - the +4 great mace of the Briny Deep {distort, rF+}
   (Okawaru gifted it to you on level 5 of the Spider Nest)

   It warps and distorts space around it.
   Unwielding it can cause banishment or high damage.
   It protects you from fire.
 Q - the +7 great mace "Kuvev" {antimagic, rF+ rN+}
   (Okawaru gifted it to you on level 3 of the Spider Nest)

   It disrupts the flow of magical energy around spellcasters and certain
   magical creatures (including the wielder).
   It protects you from fire.
   It protects you from negative energy.
 R - the +6 great mace "Luproiheirph" (weapon) {venom, rElec rPois MR+ Dex-5}
   (Okawaru gifted it to you on level 3 of the Orcish Mines)

   It poisons the flesh of those it strikes.
   It affects your dexterity (-5).
   It insulates you from electricity.
   It protects you from poison.
   It affects your resistance to hostile enchantments.
Missiles
 k - a stone (quivered)
Armour
 c - a +1 pair of boots of running (worn)
 y - a +2 cloak of magic resistance (worn)
 I - the +3 pair of gauntlets of War (worn) {Slay+5}
   (You found it on level 7 of the Dungeon)

   It affects your accuracy and damage with ranged weapons and melee attacks
   (+5).
 W - a +2 hat of intelligence (worn)
 Y - a +3 plate armour of cold resistance (worn)
Magical devices
 o - a wand of digging (3)
 D - a wand of frost (8)
 K - a wand of digging (8)
 X - a wand of digging (17)
Comestibles
 b - 4 royal jellies
 d - 17 bread rations
 m - 6 meat rations
 q - 11 fruits
 J - 9 beef jerkies
 T - 4 slices of pizza
Scrolls
 h - 8 scrolls of teleportation
 i - 3 scrolls of enchant weapon
 j - a scroll of holy word
 l - 4 scrolls of recharging
 r - 3 scrolls of fog
 s - a scroll of brand weapon
 t - 3 scrolls of magic mapping
 w - 2 scrolls of fear
 B - 9 scrolls of remove curse
 M - a scroll of amnesia
 O - 14 scrolls of identify
 P - 2 scrolls of silence
 S - a scroll of enchant armour
Jewellery
 f - an amulet of the gourmand (around neck)
 A - a +3 ring of protection (left hand)
 H - an uncursed ring of see invisible
 L - a ring of protection from fire (right hand)
Potions
 a - 4 potions of agility
 e - 4 potions of might
 g - 4 potions of restore abilities
 n - 9 potions of curing
 p - a potion of invisibility
 u - a potion of heal wounds
 v - 7 potions of haste
 z - a potion of cure mutation
 C - 6 potions of brilliance
 E - 3 potions of berserk rage
 G - 5 potions of resistance
 N - a potion of magic
 V - 2 potions of flight


   Skills:
 * Level 19.4 Fighting
 * Level 22.6 Maces & Flails
 * Level 16.5 Armour
   Level 3.6 Shields
 + Level 1.1 Evocations


You had 15 spell levels left.
You didn't know any spells.

Dungeon Overview and Level Annotations

Branches:
Dungeon (14/15)            Temple (1/1) D:5             Orc (4/4) D:12
    Elf (0/3) Orc:3          Lair (5/8) D:8          Spider (5/5) Lair:5
 Vaults (0/5) D:14
  Swamp: Lair:3-6    Shoals: Lair:3-6

Altars:
Ashenzari
Cheibriados
Dithmenos
Elyvilon
Fedhas
Kikubaaqudgha
Makhleb
Nemelex Xobeh
Okawaru
Sif Muna
Trog
Vehumet
Xom
Yredelemnul
Zin
The Shining One
Beogh

Shops:
Orc:1 [   Orc:3 *   Orc:4 %(:?}


Innate Abilities, Weirdness & Mutations

You reflexively headbutt those who attack you in melee.
You have a pair of horns on your head.


Message History

You feel very sick.
You feel you are being watched by something.
* * * LOW HITPOINT WARNING * * *
You feel sick.
* * * LOW HITPOINT WARNING * * *
You feel sick.
You feel you are being watched by something.
* * * LOW HITPOINT WARNING * * *
You feel sick.
You feel you are being watched by something.
* * * LOW HITPOINT WARNING * * *
You feel sick.
The emperor scorpion tears through a web.
The wolf spider hits you.
* * * LOW HITPOINT WARNING * * *
The wolf spider bites you but does no damage.
* * * LOW HITPOINT WARNING * * *
You feel sick.
You feel you are being watched by something.
You die...

..≈≈φ.≈≈ #...≈≈##...##
..≈≈≈≈≈≈ #....####s.≈#
........
####s..####...## ..≈##
####≈....≈###..{##
.s≈.####.......####s.^##
#..≈......#########s.≈#
###...≈.#########...###
############^≈..≈..##
.## ######.≈....@###
..###..#.≈....####
#........≈#####
##...##≈≈## ######### #
#


You could see an emperor scorpion and a wolf spider.

Vanquished Creatures
  Norris (Spider:5)
  Mara (Spider:3)
  Arachne (Spider:3)
  Donald (Spider:2)
  Maud (D:14)
  An emperor scorpion (Spider:4)
  3 ghost moths
  Gastronok (Lair:1)
  Jorgrun (Spider:5)
  Snorg (Orc:3)
  Josephine (Orc:3)
  Fannar (D:14)
  9 hydras
  Nessos (Spider:2)
  2 centaur warriors (D:14)
  2 ogre magi
  4 orc high priests
  Urug (Spider:1)
  Nergalle (Lair:3)
  A hell knight (Volcano)
  A deep elf knight (D:14)
  A skeletal warrior (D:14)
  2 unseen horrors
  2 catoblepae
  5 large abominations (D:14)
  20 orb spiders
  A wizard (D:14)
  Erolcha (Orc:1)
  An ice statue (D:13)
  2 hill giants
  3 red wasps (Spider:5)
  2 ugly things
  11 orc knights
  28 wolf spiders
  7 orc sorcerers
  3 cyclopes
  A griffon (Lair:4)
  A toenail golem (Volcano)
  2 moths of wrath (Spider:3)
  3 black mambas
  A torpor snail (Spider:3)
  2 spiny frogs
  An iron devil (Orc:4)
  A centaur skeleton (D:14)
  An orange demon (Orc:4)
  4 komodo dragons
  A kobold demonologist (D:14)
  15 demonic crawlers
  A deep elf priest (D:14)
  2 fire drakes (Volcano)
  A wandering mushroom (D:12)
  27 jumping spiders
  6 trolls
  5 two-headed ogres
  Prince Ribbit (D:9)
  A griffon zombie (D:14)
  A boulder beetle (Spider:1)
  7 blink frogs
  3 basilisks
  A centaur simulacrum (D:12)
  A deep elf mage (D:14)
  63 redbacks
  32 yaks
  A wyvern (D:11)
  A griffon skeleton (D:14)
  35 tarantellas
  28 trapdoor spiders
  A chaos spawn (Orc:4)
  6 wolves
  Eustachio (D:9)
  A wraith (D:14)
  Grum (D:12)
  6 hippogriffs
  A neqoxec (Orc:4)
  A fire elemental (Lair:3)
  3 hungry ghosts
  A steam dragon (D:14)
  A soldier ant (D:14)
  2 vampire mosquitoes (D:14)
  A deep elf fighter (D:14)
  2 hill giant skeletons (D:14)
  3 wargs
  4 water moccasins
  7 small abominations (D:14)
  2 hell hounds (Volcano)
  9 porcupines
  18 spiders
  27 orc warriors
  2 yellow wasps
  A black bear (D:9)
  5 phantoms
  The ghost of Arvee the Chucker, an average OgHu (D:3)
  A manticore zombie (D:10)
  A boggart (D:14)
  4 ice beasts
  2 sky beasts
  A boring beetle (Lair:5)
  9 ogres
  9 centaurs
  A necrophage (D:11)
  Duvessa (D:4)
  A brain worm (Lair:5)
  An elf zombie (Ossuary)
  7 crocodiles
  11 giant frogs
  4 big kobolds
  6 killer bees
  7 scorpions
  A water moccasin skeleton (D:10)
  A troll zombie (D:9)
  A yak skeleton (Orc:4)
  A tengu skeleton (D:14)
  2 electric eels
  2 quasits
  9 wights
  Dowan (D:4)
  3 crimson imps
  A human zombie (Ossuary)
  A centaur zombie (Ossuary)
  6 jellies
  A cyclops simulacrum (D:14)
  7 iguanas
  17 hounds
  35 orc wizards
  Crazy Yiuf (D:3)
  41 orc priests
  7 worker ants
  Natasha (thrice) (D:6)
  21 sheep
  2 big kobold zombies (Ossuary)
  2 ogre zombies (Orc:3)
  Ijyb (D:7)
  A big kobold skeleton (D:7)
  A hound zombie (Ossuary)
  2 hound skeletons
  4 mummies
  A worker ant zombie (D:11)
  7 gnolls
  19 adders
  An ogre simulacrum (Orc:3)
  24 green rats
  2 shadow imps
  3 worms
  An adder zombie (Ossuary)
  An adder skeleton (D:7)
  8 giant geckos
  3 oozes
  166 orcs
  A ball python (D:3)
  11 bats
  A bat skeleton (D:7)
  2 giant cockroaches
  17 hobgoblins
  8 jackals
  3 giant newts
  2 gnoll zombies (Ossuary)
  24 goblins
  A goblin zombie (Ossuary)
  4 hobgoblin zombies (Ossuary)
  A jackal skeleton (D:6)
  4 jackal zombies (Ossuary)
  43 kobolds
  7 kobold zombies
  An orc simulacrum (Orc:3)
  7 orc skeletons
  5 orc zombies
  12 quokkas
  4 quokka zombies (Ossuary)
  20 rats
  4 rat skeletons
  A rat zombie (Ossuary)
  3 ballistomycetes
  A fungus (Lair:5)
  4 plants
1150 creatures vanquished.

Vanquished Creatures (others)
  An ice beast (D:8)
  An orc (Orc:1)
  2 giant spores
  3 rat skeletons (Orc:4)
  A fungus (Lair:2)
8 creatures vanquished.

Grand Total: 1158 creatures vanquished

Notes
Turn   | Place    | Note
--------------------------------------------------------------
     0 | D:1      | Heini, the Minotaur Fighter, began the quest for the Orb.
     0 | D:1      | Reached XP level 1. HP: 19/19 MP: 1/1
   389 | D:1      | Reached skill level 4 in Armour
   529 | D:1      | Reached XP level 2. HP: 20/27 MP: 1/1
   879 | D:2      | Reached XP level 3. HP: 19/33 MP: 2/2
  1328 | D:2      | Reached XP level 4. HP: 41/41 MP: 2/2
  1480 | D:2      | Reached skill level 5 in Armour
  1715 | D:3      | Found a blossoming altar of Fedhas.
  1781 | D:3      | Reached skill level 5 in Fighting
  1781 | D:3      | Reached XP level 5. HP: 42/48 MP: 2/2
  1877 | D:3      | Found a bloodstained altar of Trog.
  2130 | D:3      | Noticed Crazy Yiuf
  2131 | D:3      | Noticed Arvee's ghost (average OgHu)
  2149 | D:3      | Killed Crazy Yiuf
  2165 | D:3      | Killed Arvee's ghost
  2165 | D:3      | Reached skill level 6 in Armour
  2165 | D:3      | Reached XP level 6. HP: 38/56 MP: 3/3
  2497 | D:4      | Noticed Dowan
  2498 | D:4      | Noticed Duvessa
  2505 | D:4      | Killed Duvessa
  2511 | D:4      | Killed Dowan
  2544 | D:4      | Reached skill level 7 in Armour
  3325 | D:5      | Entered Level 5 of the Dungeon
  3351 | D:5      | Found a glowing silver altar of Zin.
  3354 | D:5      | Reached XP level 7. HP: 62/62 MP: 3/3
  3385 | D:5      | Reached skill level 5 in Maces & Flails
  3442 | D:5      | Noticed a two-headed ogre
  3447 | D:5      | Killed a two-headed ogre
  3447 | D:5      | Reached skill level 8 in Armour
  3471 | D:5      | Found a sand-covered staircase.
  3480 | Ossuary  | Entered an ossuary
  3730 | Ossuary  | Reached XP level 8. HP: 57/71 MP: 3/3
  4144 | D:5      | Found a staircase to the Ecumenical Temple.
  4150 | Temple   | Entered the Ecumenical Temple
  4893 | D:6      | Reached skill level 9 in Armour
  5029 | D:6      | Noticed Natasha
  5044 | D:6      | Killed Natasha
  5065 | D:6      | Noticed Natasha
  5081 | D:6      | Killed Natasha
  5478 | D:6      | Found a basalt altar of Yredelemnul.
  5483 | D:6      | Noticed Natasha
  5491 | D:6      | Killed Natasha
  5586 | D:6      | Reached XP level 9. HP: 75/81 MP: 4/4
  6015 | D:7      | Reached skill level 10 in Armour
  6075 | D:7      | Noticed Ijyb
  6081 | D:7      | Killed Ijyb
  6131 | D:7      | Found an iron altar of Okawaru.
  6140 | D:7      | Became a worshipper of Warmaster Okawaru
  6505 | D:8      | Identified a scroll of acquirement
  6640 | D:8      | Found a staircase to the Lair.
  6655 | D:8      | Acquired Okawaru's first power
  6659 | D:8      | Reached skill level 10 in Maces & Flails
  6688 | D:8      | Reached skill level 11 in Armour
  6691 | D:8      | Reached XP level 10. HP: 25/92 MP: 4/4
  7230 | D:8      | Reached skill level 10 in Fighting
  7994 | D:9      | Noticed Prince Ribbit
  7994 | D:9      | Found a radiant altar of Vehumet.
  8000 | D:9      | Killed Prince Ribbit
  8023 | D:9      | Noticed Eustachio
  8027 | D:9      | Killed Eustachio
  8433 | D:10     | Entered Level 10 of the Dungeon
  8723 | D:10     | Found a radiant altar of Vehumet.
  8738 | D:10     | Noticed a hill giant
  8744 | D:10     | Killed a hill giant
  8744 | D:10     | Reached skill level 12 in Maces & Flails
  8945 | D:11     | Noticed a purple ugly thing
  8956 | D:11     | Killed a purple ugly thing
  9184 | D:11     | Noticed a cyclops
  9198 | D:11     | Killed a cyclops
  9198 | D:11     | Reached XP level 11. HP: 80/102 MP: 4/4
  9680 | Lair:1   | Entered Level 1 of the Lair of Beasts
  9724 | Lair:1   | Reached skill level 13 in Maces & Flails
 10047 | Lair:1   | Noticed Gastronok
 10057 | Lair:1   | Killed Gastronok
 10057 | Lair:1   | Received a gift from Okawaru
 10293 | Lair:1   | Noticed an eight-headed hydra
 10300 | Lair:1   | Killed an eight-headed hydra
 10300 | Lair:1   | Acquired Okawaru's second power
 10875 | Lair:2   | Reached skill level 14 in Maces & Flails
 10903 | Lair:2   | Noticed an eight-headed hydra
 10915 | Lair:2   | Killed an eight-headed hydra
 10915 | Lair:2   | Received a gift from Okawaru
 11283 | Lair:2   | Noticed a five-headed hydra
 11292 | Lair:2   | Killed a five-headed hydra
 11301 | Lair:2   | Noticed a six-headed hydra
 11321 | Lair:2   | Killed a six-headed hydra
 11321 | Lair:2   | Reached XP level 12. HP: 70/113 MP: 5/5
 11604 | D:12     | Noticed Grum
 11922 | D:12     | Killed Grum
 12260 | D:12     | Reached skill level 15 in Maces & Flails
 12378 | D:12     | Noticed a seven-headed hydra
 12386 | D:12     | Killed a seven-headed hydra
 12388 | D:12     | Received a gift from Okawaru
 12397 | D:12     | Identified a +1 pair of boots of running (Okawaru gifted it to you on level 12 of the Dungeon)
 12586 | D:12     | Found a staircase to the Orcish Mines.
 12864 | D:12     | Found a burning altar of Makhleb.
 12864 | D:12     | Noticed a cacodemon
 13003 | D:13     | Noticed a four-headed hydra
 13031 | D:13     | Killed a four-headed hydra
 13031 | D:13     | Reached skill level 1 in Evocations
 13731 | D:14     | Noticed Maud
 13731 | D:14     | Noticed a centaur warrior
 13754 | D:14     | Killed Maud
 13760 | D:14     | Killed a centaur warrior
 13918 | D:14     | Noticed Fannar
 13930 | D:14     | Killed Fannar
 13930 | D:14     | Reached skill level 16 in Maces & Flails
 14063 | D:14     | Reached XP level 13. HP: 107/124 MP: 7/7
 14181 | D:14     | Noticed a centaur warrior
 14183 | D:14     | Killed a centaur warrior
 14208 | D:14     | Found a gate to the Vaults.
 14260 | D:14     | Received a gift from Okawaru
 14474 | D:14     | Reached skill level 17 in Maces & Flails
 14575 | D:14     | Reached skill level 15 in Fighting
 15301 | Orc:1    | Entered Level 1 of the Orcish Mines
 15313 | Orc:1    | Found a roughly hewn altar of Beogh.
 16107 | Orc:1    | Found Voubeawn's Antique Armour Shop.
 16113 | Orc:1    | Noticed Erolcha
 16120 | Orc:1    | Killed Erolcha
 16599 | Orc:3    | Found a staircase to the Elven Halls.
 16611 | Orc:3    | Noticed Josephine
 16622 | Orc:3    | Killed Josephine
 16806 | Orc:2    | Found a roughly hewn altar of Beogh.
 17299 | Orc:3    | Noticed Snorg
 17313 | Orc:3    | Killed Snorg
 17313 | Orc:3    | Received a gift from Okawaru
 17313 | Orc:3    | Reached skill level 18 in Maces & Flails
 17320 | Orc:3    | Got a pitted great mace {god gift}
 17327 | Orc:3    | Found Yfuafeg's General Store.
 17433 | Orc:3    | Identified the +6 great mace "Luproiheirph" {venom, rElec rPois MR+ Dex-5} (Okawaru gifted it to you on level 3 of the Orcish Mines)
 18097 | Orc:4    | Entered Level 4 of the Orcish Mines
 18120 | Orc:4    | Reached XP level 14. HP: 79/136 MP: 7/7
 18888 | Orc:4    | Found Yjureb's Food Emporium.
 19375 | Orc:4    | Found a roughly hewn altar of Beogh.
 19810 | Orc:3    | Received a gift from Okawaru
 20205 | Orc:4    | Reached skill level 19 in Maces & Flails
 20360 | Orc:4    | Found Gribeish's Book Boutique.
 20374 | Orc:4    | Found Schonadi's Gadget Boutique.
 20374 | Orc:4    | Found Lisuibu's Weapon Shoppe.
 20383 | Orc:4    | Found Paaciq's Magic Scroll Shoppe.
 21058 | Lair:3   | Reached skill level 15 in Armour
 21294 | Lair:3   | Noticed Nergalle
 21302 | Lair:3   | Paralysed by Nergalle for 2 turns
 21306 | Lair:3   | Killed Nergalle
 21383 | Lair:3   | Received a gift from Okawaru
 22854 | Lair:5   | Found a hole to the Spider Nest.
 22893 | Lair:5   | Found a dark tunnel.
 22902 | Volcano  | Entered a volcano
 23592 | Spider:1 | Entered Level 1 of the Spider Nest
 23681 | Spider:1 | Received a gift from Okawaru
 23724 | Spider:1 | Reached skill level 20 in Maces & Flails
 23853 | Spider:1 | Reached XP level 15. HP: 141/147 MP: 8/8
 24165 | Spider:1 | Noticed Urug
 24174 | Spider:1 | Killed Urug
 24940 | Spider:2 | Noticed Nessos
 24961 | Spider:2 | Killed Nessos
 25149 | Spider:2 | Noticed Donald
 25159 | Spider:2 | Killed Donald
 26036 | Spider:3 | Received a gift from Okawaru
 26039 | Spider:3 | Got a crude great mace {god gift}
 26040 | Spider:3 | Identified the +7 great mace "Kuvev" {antimagic, rF+ rN+} (Okawaru gifted it to you on level 3 of the Spider Nest)
 26819 | Spider:3 | Noticed Mara
 26837 | Spider:3 | Killed Mara
 26837 | Spider:3 | Received a gift from Okawaru
 26837 | Spider:3 | Reached skill level 21 in Maces & Flails
 27610 | Spider:3 | Noticed Arachne
 27628 | Spider:3 | Killed Arachne
 27643 | Spider:3 | Received a gift from Okawaru
 27864 | Spider:4 | Reached XP level 16. HP: 153/159 MP: 8/8
 28471 | Spider:5 | Entered Level 5 of the Spider Nest
 28729 | Spider:5 | Noticed Norris
 28760 | Spider:5 | Killed Norris
 28760 | Spider:5 | Received a gift from Okawaru
 29126 | Spider:5 | Reached skill level 22 in Maces & Flails
 29822 | Spider:5 | Noticed Jorgrun
 29833 | Spider:5 | Killed Jorgrun
 30683 | Spider:5 | Received a gift from Okawaru
 30686 | Spider:5 | Got a twisted great mace {god gift}
 30709 | Spider:5 | Identified the +4 great mace of the Briny Deep {distort, rF+} (Okawaru gifted it to you on level 5 of the Spider Nest)
 30748 | Spider:5 | HP: 7/161 [poisoned by an emperor scorpion]
 30749 | Spider:5 | HP: 2/161 [wolf spider (3)]
 30751 | Spider:5 | Succumbed to an emperor scorpion's poison

Action                   |  1- 3 |  4- 6 |  7- 9 | 10-12 | 13-15 | 16-18 || total
-------------------------+-------+-------+-------+-------+-------+-------++-------
Melee: Flail             |    83 |   168 |   482 |       |       |       ||   733
       Morningstar       |       |       |    42 |   375 |       |       ||   417
       Great mace        |       |       |       |   157 |  1277 |   324 ||  1758
Evoke: Wand              |       |       |       |     6 |       |       ||     6
  Use: Scroll            |       |     9 |     4 |    17 |     7 |     5 ||    42
       Potion            |       |       |     1 |       |     4 |     5 ||    10
 Stab: Distracted        |       |       |       |       |     1 |       ||     1
  Eat: Chunk             |     1 |    14 |    12 |    22 |    54 |     7 ||   110
